 Dungeon Crawl Stone Soup version 0.20.0-15-g7f486f2 (webtiles) character file.

96 QuCean the Firebug (level 4, -1/33 HPs)
             Began as a Draconian Fire Elementalist on June 17, 2017.
             Slain by Grinder (3 damage)
             ... on level 3 of the Dungeon.
             The game lasted 00:16:30 (3010 turns).

QuCean the Firebug (Draconian Fire Elementalist)    Turns: 3010, Time: 00:16:30

Health: -1/33      AC:  5    Str: 11    XL:     4   Next: 41%
Magic:  6/8        EV: 11    Int: 16    God:
Gold:   236        SH:  7    Dex: 11    Spells: 7/8 levels left

rFire    . . .     SeeInvis .   (no weapon)
rCold    . . .     Gourm    .   m - +0 buckler
rNeg     . . .     Faith    .   (armour unavailable)
rPois    .         Spirit   .   (helmet restricted)
rElec    .         Reflect  +   (no cloak)
rCorr    .         Harm     .   (no gloves)
MR       .....                  (no boots)
Stlth    ++........             d - +4 amulet of reflection
Regen    0.2/turn               (no ring)
MPRegen  0.2/turn               (no ring)

@: no status effects
A: unfitting armour, cold-blooded, AC +5
a: no special abilities


You were on level 3 of the Dungeon.
You were not hungry.

You visited 1 branch of the dungeon, and saw 3 of its levels.

You collected 236 gold pieces.

Inventory:

Hand Weapons
 b - a +0 club
Armour
 e - a +0 buckler
 m - a +0 buckler (worn)
Jewellery
 d - a +4 amulet of reflection (around neck)
 j - an uncursed amulet of faith {unknown}
Scrolls
 f - a scroll of amnesia
 g - a scroll of teleportation
 i - a scroll of identify
 l - a scroll of fear {unknown}
Potions
 c - a potion of lignification {unknown}
 h - 2 potions of berserk rage {unknown}
 n - 2 potions of curing {unknown}
Books
 a - a book of Flames

   Spells                             Type                      Level
   a - Flame Tongue                   Conjuration/Fire             1
   b - Throw Flame                    Conjuration/Fire             2
   c - Conjure Flame                  Conjuration/Fire             3
   d - Inner Flame                    Hexes/Fire                   3
   e - Sticky Flame                   Conjuration/Fire             4
   f - Fireball                       Conjuration/Fire             5
Comestibles
 k - 2 bread rations
 o - 2 chunks of flesh


   Skills:
 + Level 2.2 Dodging
 + Level 2.0 Stealth
 + Level 0.2 Shields
 + Level 0.4 Unarmed Combat
 + Level 2.9 Spellcasting
 + Level 2.0 Conjurations
 + Level 3.6 Fire Magic


You had 7 spell levels left.
You knew the following spells:

 Your Spells              Type           Power        Failure   Level  Hunger
a - Flame Tongue          Conj/Fire      ##...        10%         1    #......


Dungeon Overview and Level Annotations

Branches:
Dungeon (3/15)

Altars:

Annotations:
D:3 Grinder


Innate Abilities, Weirdness & Mutations

Your plain brown scales are hard. (AC +5)
You cannot fit into any form of body armour.
You are cold-blooded and may be slowed by cold attacks.


Message History

Confirm with . or Enter, or press ? or * to list all spells.
Aiming: Flame Tongue
Press: ? - help, Shift-Dir - straight line, f/p - Grinder
Aim: Grinder (lightly wounded)
The flame tongue misses Grinder.
You block Grinder's attack.
Casting: Flame Tongue
Confirm with . or Enter, or press ? or * to list all spells.
Aiming: Flame Tongue
Press: ? - help, Shift-Dir - straight line, f/p - Grinder
Aim: Grinder (lightly wounded)
The flame tongue hits Grinder.
Grinder appears unharmed.
Grinder is lightly wounded.
Grinder hits you but does no damage. Grinder gestures at you.
Pain shoots through your body!
* * * LOW HITPOINT WARNING * * *
Grinder says, "Tell me all your secrets, or I'll kill you."
Grinder blinks!
Grinder hits you.
You die...

#.#.#######.# #.### ...#.# #.#
....# #####.# #.# #.#.# ##'##
#.# #.#.# ##...## ###.#####
#.#.# ##.....###.......#
#.#.## ##.......##)#.#.#.#
###....####.......).#.#.....#
)....(.(..'.....@...'.......#
###....####....5....#.#...#.##
#.#.## ##.......##.###..).#
#.### ##.....###.#####..# #.#
##...## #........# #.. ##'##
########.# ### #####.### #>#
#.......# #.# #.......# #.#


You could see Grinder.

Vanquished Creatures
  A gnoll (D:1)
  2 adders (D:2)
  2 dart slugs
  A leopard gecko (D:1)
  An orc (D:3)
  7 bats
  5 giant cockroaches
  6 goblins
  8 hobgoblins
  4 jackals (D:3)
  9 kobolds
  A quokka (D:2)
  A ball python (D:2)
  6 frilled lizards
  3 rats
57 creatures vanquished.

Vanquished Creatures (others)
  A goblin (D:3)
1 creature vanquished.

Grand Total: 58 creatures vanquished

Notes
Turn   | Place    | Note
-------+----------+-------------------------------------------
     0 | D:1      | QuCean the Draconian Fire Elementalist began the quest for the Orb.
     0 | D:1      | Reached XP level 1. HP: 14/14 MP: 3/3
   276 | D:1      | Reached XP level 2. HP: 20/20 MP: 0/5
   797 | D:1      | Reached XP level 3. HP: 22/26 MP: 1/6
  1502 | D:2      | Reached XP level 4. HP: 25/33 MP: 1/8
  2236 | D:3      | Noticed Grinder
  2239 | D:3      | Paralysed by Grinder for 7 turns
  2995 | D:3      | Paralysed by Grinder for 4 turns
  3001 | D:3      | HP: 1/33 [Grinder/nerve-wracking pain (8)]
  3010 | D:3      | Slain by Grinder

Skill      XL: |  1  2  3  4 |
---------------+-------------+-----
Dodging        | 2 |  2.2
Stealth        | 2 |  2.0
Conjurations   | 2 |  2.0
Shields        | |  0.2
Unarmed Combat | |  0.4
Spellcasting   | |  2.9
Fire Magic     | |  3.6

Action                   |  1- 3 |  4- 6 || total
-------------------------+-------+-------++-------
Melee: Unarmed           |    41 |    20 ||    61
       Tailslap          |     6 |     1 ||     7
 Cast: Flame Tongue      |    65 |    32 ||    97
  Use: Scroll            |     3 |       ||     3
  Eat: Bread ration      |     1 |       ||     1
       Chunk             |     1 |       ||     1
       Meat ration       |       |     1 ||     1
Armor: Skin              |    42 |    23 ||    65
Dodge: Dodged            |    76 |    39 ||   115
Block: Other             |    14 |       ||    14
       Reflection        |     7 |     3 ||    10
       Buckler           |     6 |    18 ||    24
